 Dungeon Crawl Stone Soup version 0.27-a0-1123-g2f9bb313c0 (webtiles) character file.

Game seed: 15778594682290790147

19575 porpoise the Fighter (level 12, -8/95 HPs)
             Began as a Djinni Venom Mage on May 4, 2021.
             Was a Priest of Makhleb.
             Mangled by a boulder beetle (23 damage)
             ... on level 12 of the Dungeon.
             The game lasted 00:48:11 (17494 turns).

porpoise the Fighter (Djinni Venom Mage)           Turns: 17494, Time: 00:48:12

Health: -8/95      AC:  7    Str:  7    XL:     12   Next: 70%
Gold:   730        EV: 18    Int: 21    God:    Makhleb [***...] SH:  0 Dex: 15

rFire    + + .     SeeInvis .   a - +3 rapier (elec)
rCold    x . .     Faith    .   (no shield)
rNeg     . . .     Spirit   .   R - +2 troll leather armour {Snorg}
rPois    ∞         Reflect  .   (no helmet)
rElec    .         Harm     .   U - +2 cloak
rCorr    .         Rampage  .   K - +0 pair of gloves
Will     +....                  (boots unavailable)
Stlth    +++.......             D - amulet of the acrobat
HPRegen  1.25/turn              w - +4 ring of slaying
MPRegen  0.00/turn              p - +4 ring of evasion

@: about to teleport, corroded, flying
A: fire resistance 2, cold vulnerability 1, float, innate caster, hp casting,
extra vitality 1
a: Renounce Religion, Minor Destruction, Lesser Servant of Makhleb


You were on level 12 of the Dungeon.
You worshipped Makhleb.
Makhleb was most pleased with you.
You visited 2 branches of the dungeon, and saw 13 of its levels.

You collected 730 gold pieces.

Inventory:

Hand Weapons
 a - a +3 rapier of electrocution (weapon)
 b - a +0 hand crossbow
 x - the +7 dagger of the Spider Nest {holy, Int-4 SInv Stlth+}
   (You found it on level 6 of the Dungeon)

   It has been blessed by the Shining One to cause great damage to the undead
   and demons.
   It affects your intelligence (-4).
   It lets you see invisible.
   It makes you more stealthy.
 B - a +2 rapier of draining
 H - a +2 scimitar
Missiles
 c - 454 stones (quivered)
 f - 38 poisoned darts
 g - 111 sling bullets
 l - 115 bolts
 s - 15 boomerangs
 I - 3 throwing nets
 O - 4 curare-tipped darts
Armour
 u - a +0 ring mail
 v - a +1 robe of fire resistance
 K - a +0 pair of gloves (worn)
 L - the +1 leather armour of Experimentation {SInv}
   (You found it on level 9 of the Dungeon)

   It lets you see invisible.
 R - a +2 troll leather armour (worn) {Snorg}
 U - a +2 cloak (worn)
Magical Staves
 F - a staff of air
Jewellery
 k - a ring of wizardry
 p - a +4 ring of evasion (right hand)
 w - a +4 ring of slaying (left hand)
 D - an amulet of the acrobat (around neck)
Wands
 r - a wand of polymorph (10)
 y - a wand of flame (56)
 G - a wand of iceblast (21)
 N - a wand of acid (5)
Scrolls
 e - a scroll of fog
 j - 2 scrolls of teleportation
 n - a scroll of brand weapon {unknown}
 o - a scroll of fear {unknown}
 C - a scroll of enchant weapon
 E - a scroll of enchant armour
 J - a scroll of magic mapping {unknown}
 Q - a scroll of holy word {unknown}
 T - a scroll of amnesia {unknown}
 V - a scroll of noise {unknown}
Potions
 d - 5 potions of curing
 h - 3 potions of might
 i - 2 potions of invisibility
 m - 2 potions of lignification
 q - a potion of brilliance
 t - 4 potions of berserk rage
 z - 2 potions of mutation
 A - a potion of haste
 M - 2 potions of ambrosia
 P - a potion of cancellation {unknown}
 S - a potion of flight {unknown}


   Skills:
 - Level 12.0 Fighting
 - Level 5.0 Armour
 + Level 7.1 Dodging
 - Level 5.0 Stealth
 + Level 9.5 Spellcasting
 - Level 7.0 Invocations
 - Level 5.0 Evocations


You had 2 spell levels left.
You knew the following spells:

 Your Spells              Type           Power      Damage    Failure   Level
a - Sting                 Tmut/Pois      100%       1d8       1%          1
e - Metabolic Englaciati  Hex/Ice        25%        N/A       5%          5
h - Ensorcelled Hibernat  Hex/Ice        100%       N/A       1%          2
i - Ignite Poison         Fire/Tmut/Pois 50%        N/A       1%          3
m - Mephitic Cloud        Conj/Pois/Air  50%        N/A       1%          3
o - Olgreb's Toxic Radia  Pois           50%        N/A       1%          4
t - Apportation           Tloc           100%       N/A       1%          1
u - Dispel Undead         Necr           50%        3d19      1%          4
v - Poisonous Vapours     Pois/Air       100%       N/A       1%          2
z - Ozocubu's Armour      Ice            50%        N/A       1%          3
Your spell library was empty.

Dungeon Overview and Level Annotations

Branches:
Dungeon (12/15)            Temple (1/1) D:4            Lair (0/6) D:11
    Orc: D:9-12

Altars:
Ashenzari
Cheibriados
Dithmenos
Elyvilon
Fedhas
Gozag
Hepliaklqana
Kikubaaqudgha
Makhleb
Nemelex Xobeh
Okawaru
Qazlal
Ru
Sif Muna
Trog
Uskayaw
Vehumet
Wu Jian
Xom
Yredelemnul
Zin
The Shining One

Shops:
D:6 *

Annotations:
D:9 3 runed translucent doors, exclusion: 2 oklob saplings
D:10 exclusion: obsidian statue
D:11 3 runed translucent doors, bilbop's ghost, journeyman DjVM


Innate Abilities, Weirdness & Mutations

You are immune to poison.
Your flesh is very heat resistant. (rF++)
You are vulnerable to cold. (rC-)
You float through the air rather than walking.
You learn spells naturally, not from books.
Your magical power is your life essence.
You have superior vitality. (+4 HP)


Message History

The acid corrodes you!
You are splashed with acid!
* * * LOW HITPOINT WARNING * * *
Your smoke demon gestures at the acid dragon.
The sticky flame hits the acid dragon.
The acid dragon is covered in liquid flames!
The acid dragon burns!
Your smoke demon closely misses the acid dragon.
Your smoke demon hits the acid dragon.
Your smoke demon hits the acid dragon but does no damage.
The acid dragon burns!
A skeletal warrior comes into view. It is wielding a +0 mace.
The acid dragon spits acid at you.
The splash of acid hits your smoke demon.
Your smoke demon is splashed with acid.
The acid corrodes your smoke demon!
Your smoke demon hits the acid dragon.
Your smoke demon closely misses the acid dragon.
Your smoke demon barely misses the acid dragon.
The acid dragon burns!
The acid dragon bites your smoke demon! The acid dragon claws your smoke demon.
Your smoke demon hits the acid dragon but does no damage.
Your smoke demon closely misses the acid dragon.
Your smoke demon hits the acid dragon.
The acid dragon dies!
Makhleb accepts your kill.
Okay, then.
As you read the scroll of teleportation, it crumbles to dust.
You feel strangely unstable.
Your surroundings suddenly seem different.
Found 17 arrows.
A boulder beetle comes into view.
The boulder beetle curls into a ball and begins rolling!
There is an open door here.
You reach down and close the door.
As you read the scroll of fog, it crumbles to dust.
The scroll dissolves into smoke.
The boulder beetle hits you!
* * * LOW HITPOINT WARNING * * *
The boulder beetle stops rolling and uncurls.
As you read the scroll of teleportation, it crumbles to dust.
You feel strangely unstable. The boulder beetle bites you!!
You die...

#.#.#. .#♣. #.#..
#... #.#.# .#.♣
#######'#.# #. #..
..........# . #..
.........°# #♣.
.....(..○.#####.
##### #####+#.......
..... #.§§@B°....#
##### #.§§§B§....#
#..§§§§....#
#..........# #######
#..........# #<#...#
#..........# #.#.##.
#.######...####.#....
## ..........##.
.############


You could see 2 boulder beetles.

Vanquished Creatures
  Snorg (D:11)
  Harold (D:7)
  A boulder beetle (D:12)
  An ogre mage (D:12)
  A hydra (D:11)
  2 two-headed ogres
  Pikel (D:4)
  A deep elf pyromancer (D:12)
  An ugly thing (D:12)
  A cyclops (D:8)
  A gargoyle (D:12)
  2 unseen horrors (D:12)
  A komodo dragon (D:11)
  2 trolls
  Prince Ribbit (D:6)
  Grinder (D:4)
  A slime creature (D:12)
  3 hornets
  Sigmund (D:4)
  4 wraiths
  3 shadows
  17 yaks
  A basilisk (D:12)
  8 vampire mosquitoes
  Eustachio (D:4)
  A water moccasin (D:9)
  4 orc warriors
  Duvessa (D:6)
  2 sky beasts
  A black bear (D:7)
  3 necrophages
  7 ogres
  12 centaurs
  3 lemures (D:4)
  Blork the orc (D:4)
  2 phantoms (D:5)
  A kobold brigand (D:6)
  A gnoll sergeant (D:9)
  2 scorpions
  Dowan (D:6)
  A bullfrog (D:7)
  A wyvern skeleton (D:7)
  2 water moccasin skeletons
  15 killer bees
  7 wights
  4 howler monkeys
  2 centaur zombies
  3 hounds
  A bullfrog zombie (D:6)
  5 orc priests
  A bullfrog skeleton (D:6)
  3 iguanas
  A scorpion zombie (D:5)
  8 orc wizards
  3 killer bee zombies
  A howler monkey zombie (D:10)
  2 howler monkey skeletons (D:6)
  7 adders
  12 gnolls
  An ufetubus (D:4)
  An adder skeleton (D:4)
  2 worms
  2 dart slugs
  25 orcs
  17 ball pythons
  5 endoplasms
  4 giant cockroaches
  8 goblins
  8 hobgoblins
  5 jackals
  6 quokkas
  3 bats
  4 frilled lizards (D:1)
  8 kobolds
  4 rats
  A bush (D:8)
283 creatures vanquished.

Vanquished Creatures (collateral kills)
  An acid dragon (D:12)
1 creature vanquished.

Vanquished Creatures (others)
  31 bushes (D:8)
  25 plants
56 creatures vanquished.

Grand Total: 340 creatures vanquished

Notes
Turn   | Place    | Note
-------+----------+-------------------------------------------
     0 | D:1      | porpoise the Djinni Venom Mage began the quest for the Orb.
     0 | D:1      | Reached XP level 1. HP: 15/15 MP: 0/0
   240 | D:1      | Reached skill level 1 in Fighting
   240 | D:1      | Reached XP level 2. HP: 19/22 MP: 0/0
   994 | D:1      | Reached XP level 3. HP: 24/27 MP: 0/0
   994 | D:1      | Learned a level 1 spell: Apportation
  2109 | D:2      | Reached skill level 2 in Fighting
  2655 | D:3      | Found an opulent altar of Gozag.
  2964 | D:3      | Noticed a necrophage
  2974 | D:3      | Killed a necrophage
  2975 | D:3      | Reached skill level 3 in Fighting
  2975 | D:3      | Reached XP level 4. HP: 19/35 MP: 0/0
  2975 | D:3      | Reached XP level 5. HP: 22/40 MP: 0/0
  2975 | D:3      | Learned a level 2 spell: Ensorcelled Hibernation
  3128 | D:3      | Found a faded altar of an unknown god.
  3850 | D:4      | Noticed Grinder
  3850 | D:4      | Noticed an ogre
  4091 | D:4      | Killed an ogre
  4092 | D:4      | Reached skill level 4 in Fighting
  4092 | D:4      | Reached XP level 6. HP: 35/47 MP: 0/0
  4183 | D:4      | Killed Grinder
  4184 | D:4      | Reached skill level 5 in Spellcasting
  4184 | D:4      | Reached XP level 7. HP: 53/53 MP: 0/0
  4184 | D:4      | Learned a level 3 spell: Ozocubu's Armour
  4439 | D:4      | Noticed Sigmund
  4444 | D:4      | Killed Sigmund
  4445 | D:4      | Reached skill level 5 in Fighting
  4630 | D:4      | Noticed Eustachio
  4634 | D:4      | Killed Eustachio
  4873 | D:4      | Noticed Blork the orc
  4885 | D:4      | Killed Blork the orc
  4886 | D:4      | Reached skill level 6 in Fighting
  4886 | D:4      | Reached XP level 8. HP: 45/61 MP: 0/0
  5184 | D:4      | Noticed Pikel
  5189 | D:4      | Killed Pikel
  5190 | D:4      | Reached skill level 7 in Fighting
  5432 | D:4      | Found a staircase to the Ecumenical Temple.
  5449 | Temple   | Entered the Ecumenical Temple
  5683 | D:5      | Entered Level 5 of the Dungeon
  5704 | D:5      | Reached skill level 1 in Armour
  6067 | D:5      | Reached XP level 9. HP: 31/68 MP: 0/0
  6067 | D:5      | Learned a level 4 spell: Dispel Undead
  6598 | D:5      | Found a blossoming altar of Fedhas.
  7045 | D:6      | Reached skill level 5 in Dodging
  7376 | D:6      | Reached skill level 5 in Armour
  7376 | D:6      | Reached skill level 1 in Evocations
  7434 | D:6      | Identified the +7 dagger of the Spider Nest {holy, Int-4
                  | SInv Stlth+}
  7687 | D:6      | Found Raewipoq's General Store.
  7706 | D:6      | Noticed Duvessa
  7706 | D:6      | Noticed Dowan
  7708 | D:6      | Killed Duvessa
  7712 | D:6      | Killed Dowan
  8032 | D:6      | Noticed Prince Ribbit
  8035 | D:6      | Killed Prince Ribbit
  8317 | D:6      | Found a burning altar of Makhleb.
  8328 | D:6      | Became a worshipper of Makhleb the Destroyer
  8498 | D:7      | Reached XP level 10. HP: 58/75 MP: 0/0
  8826 | D:7      | Noticed Harold
  8831 | D:7      | Killed Harold
  8832 | D:7      | Reached skill level 5 in Stealth
  8832 | D:7      | Reached skill level 5 in Evocations
  8832 | D:7      | Reached skill level 1 in Invocations
 10165 | D:8      | Noticed a cyclops
 10169 | D:8      | Killed a cyclops
 10170 | D:8      | Reached skill level 8 in Fighting
 10234 | D:8      | Found a basalt altar of Yredelemnul.
 10234 | D:8      | Found a hazy altar of Hepliaklqana.
 10238 | D:8      | Found a glowing golden altar of the Shining One.
 10852 | D:8      | Reached skill level 5 in Invocations
 11093 | D:8      | Reached skill level 9 in Fighting
 11093 | D:8      | Reached XP level 11. HP: 53/84 MP: 0/0
 11093 | D:8      | Learned a level 5 spell: Metabolic Englaciation
 11421 | D:8      | Reached * piety under Makhleb
 12427 | D:9      | Identified the +1 leather armour of Experimentation {SInv}
 12835 | D:9      | Noticed a two-headed ogre
 12838 | D:9      | Killed a two-headed ogre
 13508 | D:9      | Found a runed translucent gate.
 13508 | D:9      | Found a runed translucent gate.
 13508 | D:9      | Found a runed translucent gate.
 13508 | D:9      | Noticed a red ugly thing
 13509 | D:9      | Noticed a cyan ugly thing
 13509 | D:9      | Noticed a red very ugly thing
 13509 | D:9      | Noticed a red ugly thing
 13509 | D:9      | Noticed a red ugly thing
 13511 | D:9      | Noticed a red ugly thing
 13939 | D:9      | Reached skill level 10 in Fighting
 14178 | D:10     | Entered Level 10 of the Dungeon
 14238 | D:10     | Noticed an obsidian statue
 14423 | D:10     | Reached ** piety under Makhleb
 15378 | D:11     | Noticed Snorg
 15386 | D:11     | Killed Snorg
 15675 | D:11     | Found a runed translucent gate.
 15676 | D:11     | Found a runed translucent gate.
 15676 | D:11     | Noticed a deep elf pyromancer
 15676 | D:11     | Noticed a deep troll
 15677 | D:11     | Found a runed translucent gate.
 15677 | D:11     | Noticed bilbop's ghost (journeyman DjVM)
 15677 | D:11     | Noticed a two-headed ogre
 15678 | D:11     | Noticed a brown ugly thing
 15757 | D:11     | Noticed a seven-headed hydra
 15765 | D:11     | Killed a seven-headed hydra
 15766 | D:11     | Reached skill level 11 in Fighting
 15945 | D:11     | Reached XP level 12. HP: 84/94 MP: 0/0
 16186 | D:11     | Found a sparkling altar of Nemelex Xobeh.
 16386 | D:11     | Found a staircase to the Lair.
 16557 | D:12     | Noticed a two-headed ogre
 16558 | D:12     | Noticed a boulder beetle
 16564 | D:12     | Killed a boulder beetle
 16687 | D:12     | Killed a two-headed ogre
 16747 | D:12     | Noticed a death knight
 16750 | D:12     | Noticed an eight-headed hydra
 16847 | D:12     | Reached skill level 12 in Fighting
 16855 | D:12     | Noticed a boulder beetle
 17160 | D:12     | Noticed an ogre mage
 17164 | D:12     | Killed an ogre mage
 17464 | D:12     | Reached *** piety under Makhleb
 17466 | D:12     | Noticed a boulder beetle
 17490 | D:12     | Noticed a boulder beetle
 17494 | D:12     | Mangled by a boulder beetle

Illustrated notes

Levels and vault maps discovered:
D:1:      dpeg_arrival_houses_and_road, layout_loops_cross
D:2:      layout_loops_ring
D:3:      layout_basic, lemuel_tele_altar, ebering_ecumenical_altar_rust,
          minmay_misc_feat_four_crosses, minmay_close_crescents
D:4:      layout_loops_ring, minmay_temple_entry_junction, hex_medium,
          uniq_blork_the_orc, uniq_sigmund, uniq_grinder, uniq_pikel,
          uniq_eustachio
D:5:      layout_cave_pools, lemuel_crystal_altar, saegor_snake_ambush
D:6:      layout_loops_ring, makhleb_heckhound_becter, serial_shops,
          shop_fountains, kennysheep_generic_room_15, uniq_duvessa,
          uniq_prince_ribbit1
D:7:      layout_basic, uniq_harold
D:8:      layout_basic, nicolae_overflow_hidden_temple, minmay_hedge_maze
D:9:      layout_cave_pools, ploomutoo_gammafunk_ghost_potion_laboratory,
          introduction_to_nature_2
D:10:     layout_long_grid, minivault_16
D:11:     layout_gridville, david_lair_shrubbed, gammafunk_ghost_split,
          nemelex_lonely_heart_becter, uniq_snorg
D:12:     minmay_the_grid_4x2 [minmay_the_grid_mess,
          minmay_the_grid_holed_spiral, minmay_the_grid_diamond_grid,
          minmay_the_grid_pillar_ring, minmay_the_grid_garden,
          minmay_the_grid_minigrid_small_alt, minmay_the_grid_square_x,
          minmay_the_grid_prize_four_corners], layout_basic, serial_aquarium,
          aquarium_bridge_straight [aquarium_subvault_bridge,
          aquarium_subvault_wall, aquarium_subvault_bridge,
          aquarium_subvault_wall], aquarium_window_fake, aquarium_window_fake,
          aquarium_window_2, aquarium_view_2f, uniq_josephine
Temple:   lightli_temple_of_artemis

Skill      XL: |  1  2  3  4  5  6  7  8  9 10 11 12 |
---------------+-------------------------------------+-----
Fighting       | 1 3 4 6 7 9 11 12 | 12.0
Spellcasting   | 3 4 5 7 8 9 |  9.5
Armour         | 2 5 |  5.0
Dodging        | 3 5 7 |  7.1
Evocations     | 4 5 |  5.0
Stealth        | 4 5 |  5.0
Invocations    | 5 7 |  7.0

Action                   |  1- 3 |  4- 6 |  7- 9 | 10-12 || total
-------------------------+-------+-------+-------+-------++-------
Melee: Unarmed           |     6 |       |       |       ||     6
       Dagger            |     3 |       |       |       ||     3
       Mace              |    46 |       |       |       ||    46
       Hand axe          |       |    27 |    10 |       ||    37
       Rapier            |       |       |    63 |    84 ||   147
 Fire: Hand crossbow     |       |       |       |     2 ||     2
Throw: Stone             |       |     2 |       |       ||     2
 Cast: Sting             |    43 |    14 |     7 |       ||    64
       Ignite Poison     |     2 |     3 |    47 |   124 ||   176
       Poisonous Vapours |     1 |     2 |    12 |       ||    15
       Mephitic Cloud    |     1 |       |     3 |    17 ||    21
       Olgreb's Toxic Ra |       |       |    25 |    84 ||   109
       Ozocubu's Armour  |       |       |     1 |       ||     1
       Dispel Undead     |       |       |     7 |    17 ||    24
       Metabolic Englaci |       |       |       |     3 ||     3
Invok: Lesser Servant of |       |       |       |     1 ||     1
Evoke: Wand              |       |     5 |       |       ||     5
  Use: Scroll            |       |     4 |     4 |    10 ||    18
       Potion            |       |       |       |     1 ||     1
 Stab: Sleeping          |       |     3 |     4 |     3 ||    10
Armor: Robe              |    10 |     6 |    13 |     4 ||    33
       Leather armour    |       |       |       |    11 ||    11
       Troll leather arm |       |       |       |    13 ||    13
Dodge: Dodged            |    49 |    11 |    54 |   147 ||   261

Table legend: (Time is in decaauts)
 A = Elapsed time spent in this place.
 B = Non-inter-level travel time spent in this place.
 C = Inter-level travel time spent in this place.
 D = Time resting spent in this place.
 E = Time spent auto-exploring this place.
 F = Levels seen in this place.
 G = Mean time per level.
                   A        B        C        D        E       F      G
               +--------+--------+--------+--------+--------+-----+--------+
         Total |  17561 |  17121 |    440 |   8481 |   6580 |  13 | 1350.8 |
       Dungeon |  17426 |  17000 |    426 |   8481 |   6484 |  12 | 1452.2 |
        Temple |    135 |    121 |     14 |      0 |     96 |   1 |  135.0 |
               +--------+--------+--------+--------+--------+-----+--------+

Top non-repeatable levels by time:
     D:8: 2398 daAuts
     D:9: 2015 daAuts
     D:1: 1651 daAuts
    D:11: 1620 daAuts
     D:4: 1548 daAuts
     D:7: 1448 daAuts
     D:6: 1437 daAuts
     D:3: 1421 daAuts
     D:5: 1358 daAuts
     D:2: 957 daAuts
    D:10: 954 daAuts
    D:12: 614 daAuts
  Temple: 135 daAuts
